 Dungeon Crawl Stone Soup version 0.26-a0-940-gf7e0b5f775 (webtiles) character file.

Game seed: 11471963762851572524

1600 jiml777 the Magician (level 8, 0/46 HPs)
             Began as a Deep Elf Air Elementalist on Nov 27, 2020.
             Was an Initiate of Sif Muna.
             Killed from afar by an orc wizard (3 damage)
             ... with a magic dart
             ... on level 7 of the Dungeon.
             The game lasted 00:39:40 (7096 turns).

jiml777 the Magician (Deep Elf Air Elementalist)    Turns: 7096, Time: 00:39:40

Health: 0/46       AC:  9    Str:  5    XL:     8   Next: 62%
Magic:  4/20       EV: 13    Int: 23    God:    Sif Muna [......]
Gold:   377        SH:  0    Dex: 15    Spells: 11/21 levels left

rFire    . . .     SeeInvis .   t - +3 dagger (venom)
rCold    . . .     Faith    .   (no shield)
rNeg     . . .     Spirit   .   l - +1 robe
rPois    .         Reflect  .   o - +1 helmet
rElec    .         Harm     .   n - scarf {repulsion}
rCorr    .         Rampage  .   (no gloves)
MR       .....                  (no boots)
Stlth    +++.......             (no amulet)
HPRegen  0.15/turn              g - +4 ring of protection
MPRegen  0.17/turn              b - ring of wizardry

@: hasted, repel missiles, very quick
A: no striking features
a: Renounce Religion


You were on level 7 of the Dungeon.
You worshipped Sif Muna.
Sif Muna was noncommittal.
You visited 2 branches of the dungeon, and saw 8 of its levels.

You collected 377 gold pieces.

Inventory:

Hand Weapons
 r - a +2 dagger of protection
 t - a +3 dagger of venom (weapon)
Missiles
 i - 38 arrows
 s - 7 silver javelins
 z - 17 poisoned darts
Armour
 l - a +1 robe (worn)
 n - a scarf of repulsion (worn)
 o - a +1 helmet (worn)
Jewellery
 b - a ring of wizardry (right hand)
 g - a +4 ring of protection (left hand)
Wands
 e - a wand of iceblast (10)
 u - a wand of disintegration (8)
Scrolls
 c - 7 scrolls of remove curse
 d - a scroll of teleportation
 f - a scroll of magic mapping
Potions
 k - 2 potions of might
 p - a potion of invisibility {unknown}
 q - 3 potions of flight
 v - a potion of cancellation {unknown}
 w - 3 potions of brilliance
 x - a potion of lignification {unknown}


   Skills:
 * Level 3.0 Fighting
 - Level 4.2 Short Blades
 + Level 3.2 Dodging
 + Level 3.6 Stealth
 - Level 0.4 Unarmed Combat
 + Level 7.3 Spellcasting
 * Level 3.6 Conjurations
 + Level 5.6 Air Magic
 * Level 3.7 Evocations


You had 11 spell levels left.
You knew the following spells:

 Your Spells              Type           Power        Failure   Level
a - Shock                 Conj/Air       ####         1%          1
b - Swiftness             Air            ####....     1%          2
c - Static Discharge      Conj/Air       ####....     1%          3
d - Airstrike             Air            ####......   3%          4

Your spell library contained the following spells:

 Spells                   Type           Power        Failure   Level
 Confusing Touch          Hex            #.......     9%          3
 Gell's Gravitas          Tloc           #.........   9%          3
 Lightning Bolt           Conj/Air       ####......   12%         5
 Petrify                  Tmut/Erth      #.......     28%         4
 Metabolic Englaciation   Hex/Ice        #.........   61%         5
 Yara's Violent Unravell  Hex/Tmut       #.........   61%         5


Dungeon Overview and Level Annotations

Branches:
Dungeon (7/15)             Temple (1/1) D:6

Altars:
Ashenzari
Cheibriados
Dithmenos
Elyvilon
Fedhas
Gozag
Kikubaaqudgha
Makhleb
Nemelex Xobeh
Okawaru
Qazlal
Ru
Sif Muna
Trog
Uskayaw
Vehumet
Wu Jian
Xom
Yredelemnul
Zin
The Shining One

Shops:
D:5 }


Message History

The orc warrior hits you with a +0 dire flail!
You barely miss the orc warrior.
The orc warrior is almost dead.
You hit the orc warrior but do no damage.
The orc warrior is almost dead.
The orc warrior misses you.
You hit the orc warrior but do no damage.
The orc warrior is almost dead.
The orc warrior hits you with a +0 dire flail!!
Ouch! That really hurt!
* * * LOW HITPOINT WARNING * * *
You kill the orc warrior!
Sif Muna accepts your kill.
Your Fighting skill increases to level 3!
You feel yourself speed up. The orc wizard casts a spell at you.
You easily resist.
The orc wizard gestures at you while chanting.
The magic dart hits you.
You die...

###.........#########.#.#.#.##...
............+.......#.#.#.#.#####
###.........##...##.#.#.#.#.#
+...............#.#...#.#.#
#.........##....#.#...#.#.#####
#.........##....#.#............
#####...#+##....#.#.#.#.#.#####
#..........<#.#)....#.#
#.........@...#.....#.#
#.............#.#...#.#####
###..o....###.#.#..........
#)#.##### .#.###.#.##### #.#.#
#...........# #.#.# ######..##.##
#.#.# ........>##.# #)#.#
###########.# #.#.. #.#


You could see an orc wizard.

Vanquished Creatures
  Menkaure (D:7)
  An orc warrior (D:7)
  2 ice beasts (D:5)
  A phantom (D:7)
  2 ogres (D:4)
  A bullfrog (D:6)
  3 jellies (D:6)
  4 killer bees (D:7)
  2 electric eels (D:7)
  A centaur zombie (D:6)
  3 hounds
  An orc priest (D:4)
  A bullfrog skeleton (D:6)
  An iguana (D:6)
  A centaur skeleton (D:4)
  An orc wizard (D:4)
  3 worker ants (D:5)
  A hound zombie (D:5)
  6 adders
  2 shadow imps (D:6)
  An ufetubus (D:7)
  An ooze (D:4)
  An adder zombie (D:4)
  9 dart slugs
  A leopard gecko (D:3)
  10 orcs
  3 bats
  4 giant cockroaches
  9 goblins
  7 hobgoblins
  2 jackals (D:3)
  2 kobolds (D:3)
  A quokka (D:2)
  A ball python (D:3)
  A ball python skeleton (D:5)
  3 frilled lizards
  A leopard gecko skeleton (D:4)
  A quokka skeleton (D:6)
  A quokka zombie (D:5)
  7 rats
104 creatures vanquished.

Vanquished Creatures (others)
  A ball python (D:4)
  A jackal (D:4)
  A quokka (D:4)
3 creatures vanquished.

Grand Total: 107 creatures vanquished

Notes
Turn   | Place    | Note
-------+----------+-------------------------------------------
     0 | D:1      | jiml777 the Deep Elf Air Elementalist began the quest for
                  | the Orb.
     0 | D:1      | Reached XP level 1. HP: 10/10 MP: 6/6
   644 | D:2      | Found an ornate altar of the Wu Jian Council.
   652 | D:2      | Reached XP level 2. HP: 15/15 MP: 1/8
  1088 | D:2      | Reached XP level 3. HP: 19/19 MP: 0/10
  1947 | D:3      | Learned a level 2 spell: Swiftness
  1951 | D:3      | Learned a level 3 spell: Static Discharge
  1972 | D:3      | Reached skill level 4 in Spellcasting
  2082 | D:3      | Reached XP level 4. HP: 24/24 MP: 10/12
  2505 | D:4      | Noticed an ogre
  2512 | D:4      | Found a shimmering altar of Xom.
  2515 | D:4      | Noticed an ogre
  2531 | D:4      | Killed an ogre
  2532 | D:4      | Reached skill level 1 in Short Blades
  2532 | D:4      | Reached skill level 1 in Evocations
  2532 | D:4      | Reached XP level 5. HP: 19/28 MP: 8/14
  2652 | D:4      | Killed an ogre
  2653 | D:4      | Reached skill level 1 in Fighting
  2653 | D:4      | Reached skill level 5 in Spellcasting
  2662 | D:4      | Learned a level 4 spell: Airstrike
  2725 | D:4      | Reached XP level 6. HP: 33/34 MP: 11/15
  3366 | D:5      | Entered Level 5 of the Dungeon
  3386 | D:5      | Noticed an ice beast
  3395 | D:5      | Killed an ice beast
  3722 | D:5      | Found Xurisuiw's Gadget Boutique.
  3976 | D:5      | Reached XP level 7. HP: 38/38 MP: 2/17
  4234 | D:5      | Reached skill level 6 in Spellcasting
  4737 | D:6      | Reached skill level 5 in Air Magic
  5454 | D:6      | Found a staircase to the Ecumenical Temple.
  5568 | Temple   | Entered the Ecumenical Temple
  5631 | Temple   | Became a worshipper of Sif Muna the Loreminder
  5940 | D:6      | Reached XP level 8. HP: 45/45 MP: 13/19
  6394 | D:7      | Noticed Menkaure
  6396 | D:7      | Killed Menkaure
  6451 | D:7      | Found a bloodstained altar of Trog.
  6794 | D:7      | Reached skill level 7 in Spellcasting
  7043 | D:7      | Found a glowing silver altar of Zin.
  7089 | D:7      | HP: 2/45 [orc warrior/+0 dire flail (26)]
  7096 | D:7      | Killed from afar by an orc wizard

Illustrated notes

Levels and vault maps discovered:
D:1:      mrwooster_arrival_statue_3, layout_basic, serial_rivers,
          chequers_serial_rivers_large_a, chequers_serial_rivers_room_b,
          chequers_serial_rivers_micro_e, chequers_serial_rivers_small_b,
          chequers_serial_rivers_small_a
D:2:      kennysheep_the_goblin_king, layout_basic, lemuel_round_altar
D:3:      layout_basic, minmay_misc_feat_iff, serial_bayou_pond_e
D:4:      layout_loops_ring, xom_confusion_cloud
D:5:      kennysheep_slugbush, layout_basic, serial_shops, shop
D:6:      layout_basic, minmay_temple_entry_butterflies
D:7:      layout_basic, basic_altar, kennysheep_cross_room, trog_book,
          uniq_menkaure
Temple:   regret_index_temple_sigil_plot

Skill      XL: |  1  2  3  4  5  6  7  8 |
---------------+-------------------------+-----
Spellcasting   | 4 5 6 7 |  7.3
Short Blades   | 1 2 3 4 |  4.2
Dodging        | 3 |  3.2
Conjurations   | 2 3 |  3.6
Evocations     | 1 2 3 |  3.7
Fighting       | 1 2 3 |  3.0
Stealth        | 3 |  3.6
Air Magic      | 4 5 |  5.6
Unarmed Combat | |  0.4

Action                   |  1- 3 |  4- 6 |  7- 9 || total
-------------------------+-------+-------+-------++-------
Melee: Unarmed           |    38 |       |       ||    38
       Dagger            |       |    13 |    12 ||    25
 Cast: Shock             |    61 |    66 |    14 ||   141
       Airstrike         |       |     9 |    51 ||    60
  Use: Scroll            |     7 |     4 |     3 ||    14
       Potion            |       |     1 |     5 ||     6
 Stab: Sleeping          |       |     1 |       ||     1
Armor: Robe              |    12 |    13 |     6 ||    31
Dodge: Dodged            |    19 |    14 |    25 ||    58
       Repelled          |       |     3 |       ||     3

Table legend: (Time is in decaauts)
 A = Elapsed time spent in this place.
 B = Non-inter-level travel time spent in this place.
 C = Inter-level travel time spent in this place.
 D = Time resting spent in this place.
 E = Time spent auto-exploring this place.
 F = Levels seen in this place.
 G = Mean time per level.
                   A        B        C        D        E       F      G
               +--------+--------+--------+--------+--------+-----+--------+
         Total |   7114 |   6977 |    137 |   2799 |   3144 |   8 |  889.2 |
       Dungeon |   7036 |   6913 |    123 |   2799 |   3089 |   7 | 1005.1 |
        Temple |     77 |     63 |     14 |      0 |     55 |   1 |   77.0 |
               +--------+--------+--------+--------+--------+-----+--------+

Top non-repeatable levels by time:
     D:6: 1512 daAuts
     D:5: 1236 daAuts
     D:2: 941 daAuts
     D:3: 910 daAuts
     D:7: 910 daAuts
     D:4: 873 daAuts
     D:1: 653 daAuts
  Temple: 77 daAuts
